 Dungeon Crawl Stone Soup version 0.22.1-1-ga44c0e56f4 (webtiles) character file.

341 OdinFK the Covert (level 6, -3/30 HPs)
             Began as a Spriggan Assassin on Sept 26, 2018.
             Slain by an iguana (12 damage)
             ... on level 4 of the Dungeon.
             The game lasted 00:19:34 (2883 turns).

OdinFK the Covert (Spriggan Assassin)               Turns: 2883, Time: 00:19:34

Health: -3/30      AC:  3    Str:  7    XL:     6   Next: 30%
Magic:  7/7        EV: 19    Int: 11    God:
Gold:   103        SH:  0    Dex: 19    Spells: 5/5 levels left

rFire    . . .     SeeInvis +   a - +2 dagger
rCold    . . .     Gourm    .   (shield restricted)
rNeg     + . .     Faith    .   c - +0 robe
rPois    .         Spirit   .   (helmet restricted)
rElec    .         Reflect  .   d - +0 cloak
rCorr    .         Harm     .   (gloves unavailable)
MR       ++...                  (boots unavailable)
Stlth    +++++.....             (no amulet)
HPRegen  0.10/turn              m - -2 ring of intelligence (curse)
MPRegen  0.10/turn              w - ring "Isecairo" {rN+ MR+}

@: very quick
A: very small, unfitting armour, see invisible, herbivore, speed 3, slow
metabolism 2
a: no special abilities


You were on level 4 of the Dungeon.
You were not hungry.

You visited 1 branch of the dungeon, and saw 4 of its levels.

You collected 103 gold pieces.

Inventory:

Hand Weapons
 a - a +2 dagger (weapon)
 b - a +0 blowgun
 o - a +1 dagger of speed
Missiles
 f - 2 curare-tipped needles
 u - 18 poisoned needles
Armour
 c - a +0 robe (worn)
 d - a +0 cloak (worn)
Jewellery
 h - an uncursed amulet of the gourmand
 m - a cursed -2 ring of intelligence (left hand)
 w - the ring "Isecairo" (right hand) {rN+ MR+}
   (You found it on level 4 of the Dungeon)

   [ring of positive energy]

   It protects you from negative energy.
   It affects your resistance to hostile enchantments.
Wands
 y - a wand of paralysis (10)
Scrolls
 i - a scroll of magic mapping {unknown}
 j - 4 scrolls of enchant weapon {unknown}
 n - 2 scrolls of amnesia {unknown}
 p - a scroll of random uselessness {unknown}
 q - a scroll of identify {unknown}
 s - a scroll of enchant armour {unknown}
 x - a scroll of fog {unknown}
Potions
 e - a potion of mutation {unknown}
 k - a potion of flight {unknown}
 l - 2 potions of brilliance {unknown}
 r - 2 potions of haste {unknown}
 t - a potion of might {unknown}
 v - a potion of curing {unknown}
 z - a potion of lignification {unknown}
Comestibles
 g - 5 rations


   Skills:
 - Level 1.5 Fighting
 + Level 3.5 Short Blades
 + Level 3.1 Throwing
 + Level 3.2 Dodging
 * Level 9.7 Stealth


You had 5 spell levels left.
You didn't know any spells.
Your spell library was empty.

Dungeon Overview and Level Annotations

Branches:
Dungeon (4/15)
 Temple: D:4-7

Altars:
Okawaru
Ru
Xom


Innate Abilities, Weirdness & Mutations

You are very small and have problems with some larger weapons.
You are too small for most types of armour.
You have supernaturally acute eyesight. (SInv)
You are a herbivore.
You cover ground extremely quickly.
You need to consume almost no food.


Message History

The magic dart hits you!
The orc wizard points at you and mumbles some strange words.
The magic dart hits you!
You are too injured to fight recklessly!
You are too injured to fight recklessly!
You closely miss the orc. The orc hits you.
* * * LOW HITPOINT WARNING * * *
You hit the orc.
The orc is lightly wounded.
The orc hits you.
* * * LOW HITPOINT WARNING * * *
The orc wizard looks satisfied for a moment.
The iguana hisses angrily.
The iguana misses you.
You hit the orc but do no damage. The orc completely misses you.
You closely miss the orc. The iguana misses you.
The orc wizard mumbles some strange words.
The orc wizard seems to speed up.
You completely miss the orc. The orc misses you. The iguana bites you!
You die...

##.......o##.##.###......#.
#..........................
..........###.#####........
#.....)....................
#.........###.######.......
#.........###.####.....#..#
#..........##...##.#.#.##..
..)......ol####....#.#.####
##########@o.o..........##
#######..........##
#...........(.....#
#.[...............#
#.................#
#.................#
#.................#
#................##
######...........##


You could see an iguana, an orc wizard (invisible) and 2 orcs.

Vanquished Creatures
  An orc wizard (D:2)
  An orc priest (D:4)
  Crazy Yiuf (D:2)
  A centaur skeleton (D:4)
  Natasha (D:2)
  Robin (D:4)
  9 adders
  2 oozes
  A dart slug (D:1)
  3 leopard geckos
  An orc (D:3)
  12 bats
  5 giant cockroaches
  20 goblins
  5 hobgoblins
  14 jackals
  4 kobolds
  2 quokkas
  8 frilled lizards
  6 rats
98 creatures vanquished.

Notes
Turn   | Place    | Note
-------+----------+-------------------------------------------
     0 | D:1      | OdinFK the Spriggan Assassin began the quest for the Orb.
     0 | D:1      | Reached XP level 1. HP: 10/10 MP: 2/2
    13 | D:1      | Reached skill level 6 in Stealth
    79 | D:1      | Reached XP level 2. HP: 14/14 MP: 3/3
   267 | D:1      | Reached skill level 7 in Stealth
   302 | D:1      | Reached XP level 3. HP: 15/18 MP: 4/4
   564 | D:2      | Noticed Natasha
   993 | D:2      | Reached skill level 8 in Stealth
   993 | D:2      | Reached XP level 4. HP: 22/22 MP: 5/5
  1092 | D:2      | Found a sacrificial altar of Ru.
  1414 | D:2      | Killed Natasha
  1414 | D:2      | Reached XP level 5. HP: 4/25 MP: 6/6
  1492 | D:2      | Found a runed door.
  1575 | D:2      | Noticed Crazy Yiuf
  1579 | D:2      | Killed Crazy Yiuf
  1725 | D:3      | Reached skill level 9 in Stealth
  1943 | D:3      | Found an iron altar of Okawaru.
  1946 | D:3      | Found a shimmering altar of Xom.
  2548 | D:4      | Got a heavily runed lead ring
  2559 | D:4      | Identified the ring "Isecairo" {rN+ MR+} (You found it on
                  | level 4 of the Dungeon)
  2579 | D:4      | Reached XP level 6. HP: 30/30 MP: 7/7
  2662 | D:4      | Noticed Robin
  2708 | D:4      | Killed Robin
  2883 | D:4      | Slain by an iguana

Skill      XL: |  1  2  3  4  5  6 |
---------------+-------------------+-----
Stealth        | 6 7 8 9 |  9.7
Dodging        | 2 3 |  3.2
Short Blades   | 3 |  3.5
Throwing       | 3 |  3.1
Fighting       | |  1.5

Action                   |  1- 3 |  4- 6 || total
-------------------------+-------+-------++-------
Melee: Dagger            |   126 |   171 ||   297
 Fire: Blowgun           |     6 |    32 ||    38
 Stab: Sleeping          |    14 |    11 ||    25
Armor: Robe              |    14 |    22 ||    36
Dodge: Dodged            |   107 |   134 ||   241
